 Dungeon Crawl Stone Soup version 0.30-a0-2-gf48d83f5e2 (webtiles) character file.

Game seed: 7425960295689446538

1264 KleinerIrrer the Martial Artist (level 8, 0/52 HPs)
             Began as an Octopode Monk on Aug 19, 2022.
             Splashed by a jelly's acid (7 damage)
             ... on level 4 of the Dungeon.
             The game lasted 00:11:20 (7071 turns).

KleinerIrrer the Martial Artist (Octopode Monk)     Turns: 7071, Time: 00:11:20

Health: 0/52       AC: -7    Str: 16    XL:     8   Next: 52%
Magic:  8/8        EV: 14    Int: 15    God:
Gold:   224        SH:  0    Dex: 14    Spells: 7/7 levels left

rFire   . . .      SeeInvis +    e - +4 dagger (vorpal)
rCold   . . .      Faith    .    (no shield)
rNeg    + . .      Spirit   .    (helmet restricted)
rPois   .          Reflect  .    (no amulet)
rElec   .          Harm     .    g - ring of see invisible
rCorr   .          Rampage  .    s - +6 ring of strength
Will    .....                    u - ring of positive energy
Stlth   +++.......               (no ring)
HPRegen 0.17/turn                (no ring)
MPRegen 0.11/turn                (no ring)
                                 (no ring)
                                 (no ring)

@: corroded
A: almost no armour, amphibious, 8 rings, camouflage 1, gelatinous body 1,
(nimble swimmer 1), tentacles
a: no special abilities


You were on level 4 of the Dungeon.
You visited 1 branch of the dungeon, and saw 5 of its levels.
You also visited: Sewer.

You collected 224 gold pieces.

Inventory:

Hand Weapons
 e - a +4 vorpal dagger (weapon)
Missiles
 b - 15 poisoned darts (quivered)
 d - 20 stones
Armour
 h - a +0 tower shield
Jewellery
 g - a ring of see invisible (left tentacle)
 s - a +6 ring of strength (right tentacle)
 u - a ring of positive energy (on tentacle)
Wands
 t - a wand of flame (31)
Scrolls
 f - a scroll of magic mapping {unknown}
 i - 2 scrolls of teleportation
 j - a scroll of fear {unknown}
 l - 2 scrolls of immolation
 q - 3 scrolls of identify
 r - a scroll of noise {unknown}
 v - a scroll of enchant weapon {unknown}
Potions
 a - a potion of ambrosia
 c - a potion of invisibility {unknown}
 k - a potion of resistance {unknown}
 m - a potion of curing {unknown}
 n - a potion of brilliance {unknown}
 o - 3 potions of magic {unknown}
 p - 2 potions of attraction


   Skills:
 - Level 3.0 Fighting
 - Level 3.0 Dodging
 - Level 2.6 Stealth
 + Level 10.5 Unarmed Combat


You had 7 spell levels left.
You didn't know any spells.
Your spell library contained the following spells:

 Spells                   Type           Power      Damage    Failure   Level
 Apportation              Tloc           0%         N/A       26%         1
 Necrotise                Necr           0%         1d4       26%         1
 Summon Small Mammal      Summ           0%         N/A       26%         1
 Leda's Liquefaction      Hex/Erth       0%         N/A       95%         4
 Lee's Rapid Deconstruct  Erth           0%         3d5*      100%        5
 Statue Form              Tmut/Erth      0%         N/A       100%        6


Dungeon Overview and Level Annotations

Branches:
Dungeon (5/15)              Sewer (visited)
 Temple: D:4-7

Altars:
Dithmenos
Hepliaklqana
Nemelex Xobeh
Qazlal
Ru


Innate Abilities, Weirdness & Mutations

You cannot wear most types of armour.
You are amphibious.
You can wear up to eight rings at the same time.
Your skin changes colour to match your surroundings (Stealth+).
Your rubbery body absorbs attacks. (AC +1, EV +1)
((You are camouflaged when in or above water. (Stealth+)))
You have tentacles for arms and can constrict up to eight enemies at once.


Message History

No target in view!
You now have 224 gold pieces (gained 14).
An orc is nearby!
An orc is nearby!
An orc is nearby!
Found a quarterstaff.
The orc shouts!
An ogre comes into view. It is wielding a +0 giant spiked club.
The ogre shouts!
You hit the orc. You grab the orc.
The orc is heavily wounded.
You constrict the orc. The orc closely misses you.
A jelly comes into view.
You hit the orc but do no damage.
The orc is severely wounded.
You constrict the orc.
You kill the orc!
A shadow imp comes into view.
The shadow imp shouts!
You see here a +0 dagger.
There is a stone staircase leading up here.
You hit the ogre but do no damage. The ogre barely misses you.
You hit the ogre.
The ogre is moderately wounded.
The ogre barely misses you. The jelly hits you. The acid corrodes you!
You are splashed with acid!
You climb upwards.
There is a stone staircase leading down, spattered with blood here.
The jelly attacks as you move away! The jelly closely misses you.
The ogre attacks as you move away!
The ogre hits you with a +0 giant spiked club!!
Ouch! That really hurt!
* * * LOW HITPOINT WARNING * * *
The jelly attacks as you move away! The jelly misses you.
The jelly attacks as you move away! The jelly closely misses you.
The jelly attacks as you move away! The jelly barely misses you.
The jelly attacks as you move away! The jelly hits you.
* * * LOW HITPOINT WARNING * * *
The acid corrodes you!
You are splashed with acid!
You die...

..###...###.# #.#.# ####...#
##.#.....##.# #...# #E#...#
#...#...#.#.####...##########...#
#...#####...##...................
#...#...#.#.##....))######...._..
##.#.....##.##....>.# #.......
..###...###.##..O##'#########...#
...#.###.##.....J#........#E#...#
..#...#...#.....@#........###...#
###...#...#......#.........######
..#...#...#..........<.....#
...#.###.####..............#
..###...## #..............#
##.#.....## #..............#
#...#...#.# #..............#
#...#####.###..............#
#...#...#...#..............#


You could see an ogre and a jelly.

Vanquished Creatures
  Grinder (D:5)
  An ice beast (D:4)
  2 ogres
  4 kobold brigands (Sewer)
  2 scorpions
  A hound (D:4)
  Crazy Yiuf (D:4)
  2 orc priests
  An iguana (D:4)
  A jelly (D:4)
  An orc wizard (D:5)
  Robin (D:2)
  5 adders
  3 river rats (Sewer)
  A shadow imp (D:4)
  An ufetubus (D:4)
  4 worms
  3 dart slugs
  9 orcs
  8 bats
  5 endoplasms
  6 giant cockroaches
  15 goblins
  8 hobgoblins
  10 jackals
  9 kobolds
  6 quokkas
  12 ball pythons
  5 frilled lizards
  17 rats
145 creatures vanquished.

Vanquished Creatures (others)
  2 fungi (D:4)
  19 plants
21 creatures vanquished.

Grand Total: 166 creatures vanquished

Notes
Turn   | Place    | Note
-------+----------+-------------------------------------------
     0 | D:1      | KleinerIrrer the Octopode Monk began the quest for the Orb.
     0 | D:1      | Reached XP level 1. HP: 16/16 MP: 1/1
   310 | D:1      | Reached XP level 2. HP: 7/21 MP: 2/2
   743 | D:1      | Reached skill level 4 in Unarmed Combat
   970 | D:1      | Reached XP level 3. HP: 25/26 MP: 3/3
  1399 | D:2      | Noticed a scorpion
  1406 | D:2      | Killed a scorpion
  1407 | D:2      | Reached skill level 5 in Unarmed Combat
  1407 | D:2      | Reached XP level 4. HP: 18/31 MP: 4/4
  1820 | D:2      | Reached XP level 5. HP: 35/36 MP: 5/5
  1906 | D:2      | Noticed Robin
  1962 | D:2      | Killed Robin
  2480 | D:2      | Found a faded altar of an unknown god.
  2959 | D:3      | Found a glowing drain.
  2968 | D:3      | Reached skill level 6 in Unarmed Combat
  2977 | Sewer    | Entered a sewer
  2980 | Sewer    | Noticed a kobold brigand
  3000 | Sewer    | Killed a kobold brigand
  3001 | Sewer    | Reached XP level 6. HP: 22/42 MP: 6/6
  3495 | Sewer    | Reached skill level 7 in Unarmed Combat
  3753 | Sewer    | Reached XP level 7. HP: 40/46 MP: 7/7
  4004 | D:3      | Found a sacrificial altar of Ru.
  4015 | D:3      | Reached skill level 8 in Unarmed Combat
  5058 | D:4      | Reached skill level 9 in Unarmed Combat
  5364 | D:4      | HP: 1/46 [ice beast (8)]
  5702 | D:4      | Found a hazy altar of Hepliaklqana.
  5707 | D:4      | Found a shadowy altar of Dithmenos.
  5708 | D:4      | Noticed a shadow
  5754 | D:4      | Reached XP level 8. HP: 52/52 MP: 8/8
  5840 | D:4      | Found a sparkling altar of Nemelex Xobeh.
  6131 | D:4      | Found a stormy altar of Qazlal.
  6133 | D:4      | Noticed a water elemental
  6134 | D:4      | Noticed an air elemental
  6214 | D:4      | Found a runed translucent door.
  6215 | D:4      | Noticed Crazy Yiuf
  6225 | D:4      | Killed Crazy Yiuf
  6392 | D:5      | Entered Level 5 of the Dungeon
  6392 | D:5      | Noticed Grinder
  6397 | D:5      | Paralysed by Grinder for 5 turns
  6406 | D:5      | Killed Grinder
  6407 | D:5      | Reached skill level 10 in Unarmed Combat
  7071 | D:4      | Splashed by a jelly's acid

Illustrated notes

Levels and vault maps discovered:
D:1:      minmay_arrival_four_loops, layout_loops_ring, chequers_big_river,
          minmay_fountain_box, chequers_serial_rivers_room_b
D:2:      minmay_thinvault, layout_loops_ring, ebering_ecumenical_altar_webs,
          uniq_robin
D:3:      layout_loops_ring, nicolae_ru_awakened_eye, portal_sewer_entry_f
D:4:      nicolae_cairo_tiling, layout_basic,
          riverfiend_overflow_shadow_ancestor, nemelex_diamond_rough_becter,
          nicolae_qazlal_style_of_elements, minivault_11,
          uniq_crazy_yiuf_cottage
D:5:      layout_cave_pools, serial_column_ruins, column_ruins_open_tiny,
          column_ruins_open_tiny_water, column_ruins_open_tiny,
          column_ruins_open_small, nicolae_shop_overcharged_wands, uniq_grinder,
          uniq_blork_the_orc

Skill      XL: |  1  2  3  4  5  6  7  8 |
---------------+-------------------------+-----
Unarmed Combat | 4 5 6 7 9 10 | 10.5
Fighting       | |  3.0
Dodging        | |  3.0
Stealth        | |  2.6

Action                   |  1- 3 |  4- 6 |  7- 9 || total
-------------------------+-------+-------+-------++-------
Melee: Unarmed           |    17 |       |       ||    17
       Constrict         |    13 |    27 |    29 ||    69
       Tentacles         |    11 |    26 |    20 ||    57
       Dagger            |    38 |   123 |   137 ||   298
       Punch             |     1 |     8 |     9 ||    18
Throw: Stone             |       |     4 |       ||     4
       Dart              |       |       |    26 ||    26
  Use: Scroll            |       |     7 |     1 ||     8
       Potion            |       |       |     1 ||     1
 Stab: Sleeping          |     9 |     7 |    12 ||    28
       Distracted        |       |       |     1 ||     1
Armor: Skin              |     3 |     5 |    12 ||    20
Dodge: Dodged            |    31 |    56 |    73 ||   160

Table legend: (Time is in decaauts)
 A = Elapsed time spent in this place.
 B = Non-inter-level travel time spent in this place.
 C = Inter-level travel time spent in this place.
 D = Time resting spent in this place.
 E = Time spent auto-exploring this place.
 F = Levels seen in this place.
 G = Mean time per level.
                   A        B        C        D        E       F      G
               +--------+--------+--------+--------+--------+-----+--------+
         Total |   7072 |   6829 |    243 |   1281 |   4526 |   6 | 1178.7 |
       Dungeon |   6108 |   5865 |    243 |   1281 |   3761 |   5 | 1221.6 |
         Sewer |    964 |    964 |      0 |      0 |    765 |   1 |  964.0 |
               +--------+--------+--------+--------+--------+-----+--------+

Top non-repeatable levels by time:
     D:4: 1860 daAuts
     D:2: 1560 daAuts
     D:1: 1364 daAuts
     D:3: 1229 daAuts
   Sewer: 964 daAuts
     D:5: 93 daAuts
